Map: Divergence LE

Players

Aflac

  • Race: Protoss Protoss
  • Spawn Location: 11:00

Geico

  • Race: Terran Terran
  • Spawn Location: 11:00

Cthulhu - Winner!

  • Race: Terran Terran
  • Spawn Location: 5:00

Throwfordays - Winner!

  • Race: Protoss Protoss
  • League: Silver
  • Spawn Location: 5:00

VOD

Have the link to the VOD?

Description

Time

  • Played on: July 19, 2020, 8:43 p.m.
  • Length: 16:34
Show
View Real Time Build Order
Export as new Build Order

Aflac Protoss 

Build Orders: 1 Gate Expand, Double Forge 

Get SALT Encoding   

  12  0:02  Probe  
  13  0:14  Probe  
  13  0:19  Pylon  
  14  0:26  Probe  
  15  0:39  Gateway  
  15  0:42  Probe  
  16  0:54  Probe  
  17  1:15  Nexus  
  17  1:21  Probe  
  18  1:34  Gateway  
  18  1:36  Zealot  
  18  1:38  Probe  
  21  1:46  Assimilator  
  21  1:50  Probe  
  22  1:55  Pylon  
  22  2:02  Probe  
  23  2:09  Pylon  
  23  2:14  Probe  
  24  2:18  Zealot  
  26  2:27  Probe  
  27  2:30  Zealot  
  29  2:39  Probe  
  30  2:51  Cybernetics Core, Probe  
  30  2:57  Zealot  
  33  2:59  Zealot  
  33  3:04  Assimilator  
  33  3:05  Probe  
  35  3:06  Probe  
  37  3:13  Probe  
  37  3:18  Probe  
  37  3:19  Forge  
  39  3:32  Gateway  
  39  3:38  Gateway  
  41  3:48  Zealot x2  
  41  3:52  Probe  
  44  3:58  Protoss Ground Weapons Level 1  
  44  4:04  Probe  
  45  4:13  Pylon  
  45  4:15  Shield Battery  
  45  4:17  Probe  
  46  4:19  Shield Battery  
  46  4:29  Forge, Zealot x2, Probe  
  51  4:41  Probe  
  52  4:52  Stalker x2  
  56  4:53  Probe  
  56  4:56  Stalker  
  59  5:03  Forge  
  59  5:05  Probe  
  60  5:09  Stalker  
  62  5:26  Pylon  
  62  5:28  Pylon  
  62  5:31  Pylon  
  62  5:44  Stalker x3, Probe  
  69  5:52  Nexus  
  69  5:54  Protoss Ground Armor Level 1  
  69  5:56  Probe  
  70  6:08  Probe  
  70  6:09  Twilight Council  
  71  6:16  Stargate  
  71  6:18  Stargate  
  71  6:19  Stargate  
  71  6:23  Zealot x2  
  71  6:25  Probe  
  76  6:37  Probe  
  73  6:55  Stalker x3  
  73  6:56  Stalker  
  79  7:04  Assimilator  
  79  7:08  Assimilator  
  64  7:17  Probe  
  64  7:20  Assimilator  
  54  7:25  Stalker x2  
  54  7:29  Probe  
  57  7:31  Probe  
  57  7:35  Probe  
  58  7:41  Probe  
  58  7:43  Probe  
  58  7:47  Probe  
  61  7:53  Probe  
  61  7:55  Probe  
  63  8:08  Probe  
  63  8:12  Probe  
  65  8:16  Assimilator  
  65  8:17  Probe  
  66  8:21  Phoenix  
  66  8:24  Probe  
  69  8:29  Phoenix, Probe  
  65  8:35  Pylon  
  63  8:41  Probe  
  64  8:53  Probe  
  65  9:01  Phoenix  
  67  9:05  Probe  
  68  9:12  Probe x2  
  70  9:20  Probe  
  71  9:24  Probe  
  49  10:08  Probe  
  49  10:11  Phoenix  
  52  10:15  Probe  
  52  10:20  Probe  
  54  10:27  Charge  
  54  10:28  Probe x2  
  56  10:36  Probe  
  57  10:43  Probe  
  58  10:53  Pylon, Probe  
  58  10:55  Probe  
  60  11:04  Probe  
  60  11:07  Probe  
  62  11:22  Probe  
  62  11:25  Probe  
  64  11:28  Probe  
  65  11:35  Stalker, Probe  
  65  11:37  Probe  
  63  12:08  Blink  
  63  12:12  Stalker x2  
  40  12:34  Void Ray x2  
  40  12:35  Void Ray  
  42  12:37  Probe  
  29  12:56  Probe  
  26  13:08  Probe x2  
  28  13:17  Void Ray x2  
  36  13:20  Probe  
  37  13:32  Probe  
  38  13:35  Probe  
  39  13:44  Probe  
  39  13:47  Probe  
  41  13:56  Probe  
  41  13:58  Void Ray  
  46  14:08  Probe  
  27  14:58  Forge  
  27  15:05  Pylon  
  23  15:08  Pylon  
  23  15:11  Pylon  
  23  15:13  Pylon  
  23  15:16  Pylon  
  23  15:18  Pylon  
  23  15:20  Pylon  
  12  15:23  Pylon  
  12  15:26  Pylon  
  9  15:37  Photon Cannon  
  9  15:39  Photon Cannon  
  9  15:40  Photon Cannon  
  9  15:42  Photon Cannon  
  9  15:44  Photon Cannon  
  9  15:48  Photon Cannon  
  9  15:51  Photon Cannon  
Show
View Real Time Build Order
Export as new Build Order

Geico Terran 

Build Orders:  

Get SALT Encoding   

  12  0:01  SCV  
  13  0:13  SCV  
  14  0:20  Supply Depot  
  14  0:25  SCV  
  15  0:41  SCV  
  16  0:43  Barracks  
  16  0:50  Refinery  
  16  0:54  SCV  
  17  1:06  SCV  
  18  1:18  SCV  
  19  1:30  Orbital Command  
  19  1:40  Command Center  
  19  1:47  Barracks Tech Lab  
  19  1:57  Supply Depot  
  19  1:58  SCV  
  20  2:11  SCV  
  20  2:13  Barracks  
  21  2:16  Marauder  
  23  2:23  SCV  
  23  2:25  Barracks  
  24  2:35  SCV  
  24  2:37  Engineering Bay  
  25  2:47  SCV  
  26  2:51  Orbital Command  
  26  2:59  SCV  
  26  3:03  Terran Infantry Armor Level 1  
  26  3:04  Refinery  
  26  3:05  Barracks Reactor  
  27  3:11  SCV  
  28  3:23  SCV  
  28  3:25  Barracks Reactor  
  29  3:29  SCV  
  30  3:35  SCV  
  31  3:41  SCV  
  31  3:45  Factory  
  31  3:47  SCV  
  33  3:48  Engineering Bay  
  33  3:50  Marine  
  33  3:51  Marine x2  
  33  3:53  SCV  
  37  3:59  SCV  
  38  4:05  SCV  
  38  4:08  Marine x2  
  41  4:12  SCV  
  41  4:16  Command Center  
  42  4:17  SCV  
  42  4:19  Marine x2  
  42  4:20  Marine  
  46  4:27  Supply Depot  
  46  4:33  Marine, SCV x2  
  49  4:41  Marine x3  
  49  4:42  Marine  
  54  4:45  SCV  
  54  4:49  SCV  
  54  4:50  Marine  
  54  4:51  Supply Depot  
  56  4:57  SCV  
  56  4:59  Marine  
  58  5:05  Terran Infantry Weapons Level 1  
  58  5:11  Factory Tech Lab  
  58  5:12  Armory  
  58  5:29  Orbital Command  
  58  5:39  Refinery  
  58  5:43  Refinery  
  58  5:48  Missile Turret  
  58  5:55  Missile Turret  
  58  6:03  Missile Turret  
  58  6:13  Orbital Command  
  58  6:19  Terran Infantry Armor Level 2  
  58  6:21  Marine  
  58  6:22  Marine x4  
  58  6:25  Combat Shield  
  63  6:32  Missile Turret  
  63  6:39  Marine x2  
  64  6:40  Marine x3, SCV  
  69  6:52  SCV  
  70  6:55  SCV  
  70  6:57  Marine x3  
  70  6:58  Marine x2  
  76  7:04  SCV  
  76  7:07  SCV  
  78  7:11  Missile Turret  
  78  7:15  Marine x2  
  79  7:16  SCV  
  79  7:17  Missile Turret  
  79  7:19  SCV  
  79  7:20  Missile Turret  
  79  7:21  Missile Turret  
  82  7:28  SCV  
  82  7:29  Missile Turret  
  83  7:31  Marine x2  
  83  7:34  Marine  
  83  7:35  Marine  
  83  7:36  Marine  
  85  7:37  SCV  
  85  7:39  Terran Vehicle And Ship Armor Level 1  
  85  7:40  Terran Infantry Weapons Level 2  
  85  7:41  SCV  
  82  7:47  Missile Turret  
  82  7:48  Marine  
  82  7:49  Marine, Missile Turret  
  82  7:50  Missile Turret  
  84  7:52  Marine x2, Supply Depot x2  
  84  7:53  SCV, Supply Depot  
  84  7:54  Marine  
  88  8:06  Marine x2  
  88  8:09  Supply Depot, Starport  
  88  8:10  Marine x2  
  88  8:11  Supply Depot, Starport  
  88  8:12  Marine  
  88  8:15  Supply Depot  
  81  8:24  Marine x2  
  81  8:27  Marine  
  81  8:28  Marine  
  81  8:29  Marine  
  84  8:41  Hi-Sec Auto Tracking  
  84  8:47  Starport Reactor  
  84  8:48  Starport Reactor  
  84  8:50  Thor  
  90  9:15  Missile Turret  
  90  9:16  Missile Turret  
  90  9:22  Missile Turret  
  90  9:23  Missile Turret  
  89  9:24  Missile Turret  
  89  9:25  Refinery  
  89  9:28  Refinery, Missile Turret  
  88  9:34  Terran Vehicle Weapons Level 1  
  88  9:35  Viking x4  
  96  9:51  Missile Turret  
  96  9:56  Missile Turret  
  96  9:57  SCV, Missile Turret  
  88  10:05  Viking x4  
  88  10:09  SCV  
  88  10:21  SCV  
  87  10:33  SCV  
  87  10:35  Marine x5  
  89  10:45  SCV  
  89  10:46  Medivac  
  89  10:47  Viking x2  
  89  10:48  Viking  
  98  10:51  Stimpack  
  98  10:52  Marine  
  98  10:53  Marine x4  
  103  10:57  SCV  
  104  11:05  Barracks  
  104  11:06  Barracks  
  104  11:08  Barracks  
  104  11:10  Marine x2  
  104  11:11  Marine x3  
  107  11:12  Missile Turret  
  107  11:16  Viking  
  107  11:17  Medivac  
  113  11:22  Command Center  
  113  11:28  Marine x3  
  113  11:29  Marine x2  
  113  11:31  Missile Turret  
  113  11:32  Missile Turret  
  118  11:35  Missile Turret x2  
  118  11:42  Viking x2  
  118  11:46  Viking, Missile Turret  
  118  11:47  Marine, Viking  
  123  11:54  Missile Turret  
  123  11:56  Barracks  
  123  11:57  Barracks  
  121  12:02  Missile Turret  
  121  12:06  Missile Turret  
  117  12:12  Viking x2  
  110  12:22  Missile Turret  
  97  12:28  Missile Turret  
  68  12:30  Marine x4  
  68  12:31  Marine x4  
  70  12:48  Marine x5  
  70  12:49  Marine x3  
  75  13:01  Marine x2  
  75  13:05  Marine, Siege Tank  
  67  13:06  Marine x5  
  67  13:07  Marine x2  
  70  13:19  Marine x2  
  72  13:23  Marine x2  
  72  13:24  Marine x5, Orbital Command  
  72  13:25  Marine  
  80  13:36  Marine x2  
  80  13:37  Siege Tank  
  47  14:03  SCV  
  51  14:16  SCV  
  51  14:17  Command Center  
  46  14:28  SCV  
  45  14:37  Barracks  
  42  14:39  Barracks  
  42  14:40  SCV  
  32  14:47  Supply Depot  
  32  14:52  SCV  
  30  15:04  SCV  
  27  15:12  Supply Depot  
  27  15:16  SCV  
  28  15:23  Refinery  
  28  15:27  Barracks  
  29  15:28  SCV x2  
  29  15:33  Barracks Reactor, Barracks Tech Lab  
  30  15:37  Factory  
  30  15:40  SCV x2  
  32  15:50  Factory  
  32  15:52  Refinery, SCV  
  32  15:53  SCV  
  34  15:57  Marauder  
  36  16:04  SCV  
  36  16:05  SCV  
  38  16:13  Marine x3  
  38  16:17  SCV  
Show
View Real Time Build Order
Export as new Build Order

Cthulhu Terran - Winner!

Build Orders:  

Get SALT Encoding   

  12  0:02  SCV  
  13  0:14  SCV  
  14  0:44  Command Center  
  14  0:48  SCV  
  15  1:04  Supply Depot  
  15  1:26  SCV  
  16  1:44  Barracks  
  16  1:50  SCV  
  16  1:51  Command Center  
  17  1:56  SCV  
  18  2:02  SCV  
  18  2:06  Refinery  
  19  2:12  SCV  
  20  2:18  SCV  
  21  2:25  SCV  
  22  2:35  Supply Depot  
  22  2:36  Orbital Command  
  22  2:39  SCV  
  22  2:40  Marine  
  24  2:53  Refinery  
  24  2:57  Orbital Command  
  24  3:10  Factory  
  24  3:13  Refinery x2  
  24  3:17  SCV  
  25  3:32  Orbital Command  
  25  3:34  SCV x2  
  27  3:48  SCV x2  
  29  4:00  Starport, Factory Tech Lab  
  29  4:23  SCV x2  
  29  4:24  SCV  
  32  4:33  Factory Tech Lab  
  32  4:35  Armory  
  32  4:39  Fusion Core  
  32  4:43  Starport  
  32  4:51  Starport  
  32  4:57  Marine, SCV x3  
  36  5:01  Factory Tech Lab  
  36  5:09  SCV x2  
  38  5:17  SCV  
  39  5:27  Starport Tech Lab  
  39  5:32  Battlecruiser  
  45  5:36  Battlecruiser  
  45  5:41  Supply Depot  
  51  5:46  SCV x2  
  53  5:51  Terran Ship Weapons Level 1  
  53  6:01  Refinery  
  53  6:04  Refinery  
  53  6:09  Battlecruiser  
  59  6:11  Supply Depot  
  59  6:23  SCV  
  59  6:24  SCV x2  
  60  6:45  Battlecruiser  
  59  7:08  SCV x3  
  61  7:09  Battlecruiser  
  68  7:43  Battlecruiser  
  74  7:48  Terran Vehicle And Ship Armor Level 1  
  74  7:49  Liberator  
  74  7:50  SCV x3  
  80  8:02  SCV x3  
  83  8:14  SCV  
  78  8:32  SCV x2  
  80  8:38  Battlecruiser  
  80  8:47  Weapon Refit  
  80  8:50  Supply Depot  
  80  8:52  Supply Depot, Battlecruiser  
  80  8:54  Marine, Supply Depot x2  
  87  9:11  SCV x3  
  87  9:12  Thor  
  96  9:39  Command Center  
  96  10:18  Battlecruiser  
  102  10:45  Battlecruiser x2  
  114  10:55  Orbital Command  
  114  10:58  Refinery  
  114  11:02  SCV  
  114  11:03  Marine, SCV x2  
  118  11:05  Refinery  
  118  11:06  Thor  
  124  11:12  Terran Ship Weapons Level 2  
  124  11:20  Supply Depot, Starport x2  
  124  11:22  Supply Depot, Battlecruiser  
  112  12:14  Raven x2  
  104  12:26  Raven  
  94  12:49  Corvid Reactor  
  94  12:50  Cloaking Field  
  94  12:57  Raven, Starport Tech Lab  
  96  13:00  Starport Tech Lab  
  96  13:06  SCV x3  
  96  13:10  Thor  
  105  13:18  SCV  
  105  13:19  Barracks x3  
  106  13:21  Barracks  
  106  13:23  Barracks  
  106  13:27  Supply Depot, Barracks Tech Lab  
  99  13:50  Engineering Bay  
  99  13:52  Thor  
  104  13:58  Viking x5  
  104  14:02  Command Center  
  104  14:28  Viking x2  
  108  14:37  Missile Turret  
  108  14:38  Missile Turret x2  
  108  14:42  Marine x3  
  108  14:43  Marine x2  
  113  15:12  SCV x4  
  117  15:16  Marine x5  
  122  15:24  Medivac x5  
  122  15:27  Orbital Command  
  132  15:30  SCV x4  
Show
View Real Time Build Order
Export as new Build Order

Throwfordays Protoss - Winner!

Build Orders: 1 Gate Expand, Double Forge 

Get SALT Encoding   

  12  0:01  Probe  
  13  0:13  Probe  
  14  0:18  Pylon  
  14  0:25  Probe  
  15  0:37  Gateway  
  15  0:38  Probe  
  16  0:59  Probe  
  17  1:13  Nexus  
  17  1:17  Assimilator  
  17  1:27  Cybernetics Core  
  17  1:29  Probe  
  18  1:41  Probe  
  18  1:43  Warp Gate  
  18  1:47  Assimilator  
  19  1:49  Pylon  
  19  1:54  Probe  
  20  2:06  Probe  
  21  2:16  Stalker  
  21  2:18  Probe  
  21  2:21  Probe  
  24  2:29  Probe  
  25  2:30  Probe  
  27  2:39  Probe  
  27  2:43  Probe  
  30  2:51  Twilight Council, Probe  
  30  2:55  Probe  
  31  3:03  Probe  
  32  3:07  Probe  
  32  3:10  Gateway  
  33  3:15  Probe  
  33  3:19  Probe  
  35  3:27  Probe  
  35  3:31  Probe  
  37  3:39  Probe  
  38  3:43  Templar Archives  
  38  3:44  Probe  
  38  3:46  Stalker  
  41  3:51  Probe  
  41  3:52  Forge  
  42  3:55  Forge  
  42  3:56  Probe  
  42  3:57  Pylon  
  43  4:03  Psionic Storm  
  43  4:18  Protoss Ground Weapons Level 1  
  43  4:21  Adept x2  
  47  4:38  Assimilator  
  47  4:41  Assimilator  
  47  4:48  Charge  
  47  5:06  Gateway  
  47  5:08  Gateway  
  47  5:09  Gateway  
  47  5:12  Gateway  
  47  5:13  Gateway  
  47  5:16  Pylon  
  47  5:26  High Templar  
  47  5:27  Probe  
  49  5:33  Probe  
  49  5:35  Probe  
  52  5:44  Probe  
  52  5:45  Nexus, Probe  
  52  5:46  Protoss Ground Armor Level 1  
  52  5:47  Assimilator  
  54  5:52  Assimilator  
  54  5:55  Pylon  
  54  5:57  Probe  
  54  6:01  High Templar  
  57  6:11  Probe  
  57  6:16  Probe  
  59  6:23  Probe  
  60  6:28  Probe  
  61  6:35  Probe  
  61  6:39  High Templar x2  
  66  6:40  Probe  
  66  6:41  Zealot  
  66  6:46  Pylon  
  69  6:54  Pylon  
  69  6:56  Pylon  
  69  6:58  Pylon  
  69  7:00  Pylon  
  69  7:03  Pylon  
  69  7:07  Pylon  
  69  7:11  Pylon  
  69  7:12  High Templar x3  
  75  7:26  Probe  
  76  7:38  High Templar x2, Probe  
  76  7:39  High Templar  
  83  7:50  Probe  
  84  8:02  Probe  
  85  8:06  Zealot x4  
  85  8:12  Protoss Ground Weapons Level 2  
  93  8:13  Protoss Ground Armor Level 2  
  93  8:14  Probe  
  93  8:17  High Templar  
  93  8:18  High Templar  
  98  8:21  Archon x2  
  98  8:22  Archon  
  98  8:24  Archon x3  
  98  8:28  Zealot  
  98  8:29  Zealot x4  
  108  8:48  Probe  
  109  8:56  Probe  
  109  9:00  Probe  
  111  9:06  Probe  
  111  9:07  High Templar x3  
  111  9:08  High Templar x3  
  124  9:10  Zealot  
  126  9:31  Pylon  
  126  9:37  Pylon  
  126  10:04  Shield Battery  
  126  10:06  Shield Battery  
  126  10:08  Gateway  
  126  10:10  Shield Battery  
  126  10:11  Shield Battery  
  126  10:13  Shield Battery  
  126  10:18  Robotics Facility  
  126  10:19  Robotics Facility  
  126  10:22  Robotics Facility  
  126  10:51  Protoss Ground Weapons Level 3  
  126  10:52  Protoss Ground Armor Level 3  
  126  10:59  Zealot x3  
  126  11:00  Stalker x2  
  126  11:01  Immortal x2  
  144  11:31  Sentry  
  146  11:32  Sentry  
  146  11:35  Assimilator  
  146  11:39  Assimilator  
  148  11:41  Pylon  
  148  11:46  Immortal x2  
  156  11:54  Sentry x2  
  156  11:59  Zealot  
  156  12:00  Zealot x3  
  156  12:01  Zealot  
  170  12:02  Zealot  
  142  12:42  Immortal x2  
  142  12:43  Zealot x3  
  142  12:44  Zealot x4  
  158  12:45  Zealot  
  164  13:21  Observer x2  
  146  14:02  Zealot x4  
  152  14:03  Zealot x4  
  152  14:05  Immortal x2  
  168  14:25  Stalker x2  
  172  15:09  Nexus  
  172  15:13  Pylon  
  172  15:14  Pylon  
  172  15:16  Pylon  
  172  15:17  Pylon  
  172  15:19  Pylon  
  172  15:20  Pylon  
  172  15:22  Pylon  
Tags
 
Add a new tag
Caveats
  • Supply blocks, unpowered buildings, or Contaminate may cause inaccurate times.
  • Supply counts are checked every 10 seconds.